 Dungeon Crawl Stone Soup version 0.27.1-33-g824d729ab1 (webtiles) character file.

Game seed: 6659851470422906629

89 lonewolfV2 the Firebug (level 4, -6/34 HPs)
             Began as a Draconian Fire Elementalist on Dec 16, 2021.
             Engulfed by a cloud of flame (13 damage)
             ... on level 3 of the Dungeon.
             The game lasted 00:04:44 (2172 turns).

lonewolfV2 the Firebug (DrFE)                       Turns: 2172, Time: 00:04:45

Health: -6/34      AC:  9    Str: 11    XL:     4   Next: 31%
Magic:  4/7        EV: 12    Int: 16    God:
Gold:   85         SH:  0    Dex: 11    Spells: 3/7 levels left

rFire    . . .     SeeInvis .   c - +2 whip (elec)
rCold    . . .     Faith    .   (no shield)
rNeg     . . .     Spirit   .   (armour unavailable)
rPois    .         Reflect  .   (helmet restricted)
rElec    .         Harm     .   (no cloak)
rCorr    .         Rampage  .   (no gloves)
Will     .....                  (no boots)
Stlth    ++........             g - amulet of regeneration
HPRegen  1.11/turn              h - +4 ring of protection
MPRegen  0.10/turn              (no ring)

@: no status effects
A: AC +5, unfitting armour, cold-blooded
a: no special abilities


You were on level 3 of the Dungeon.
You visited 1 branch of the dungeon, and saw 3 of its levels.

You collected 85 gold pieces.

Inventory:

Hand Weapons
 c - a +2 whip of electrocution (weapon)
 d - a +3 dagger
Jewellery
 g - an amulet of regeneration (around neck)
 h - a +4 ring of protection (left hand)
Potions
 a - a potion of mutation {unknown}
 b - a potion of degeneration {unknown}
 e - a potion of heal wounds {unknown}


   Skills:
 + Level 0.7 Fighting
 + Level 0.7 Maces & Flails
 + Level 2.3 Dodging
 + Level 2.5 Stealth
 + Level 0.1 Unarmed Combat
 + Level 2.3 Spellcasting
 + Level 1.7 Conjurations
 + Level 3.5 Fire Magic


You had 3 spell levels left.
You knew the following spells:

 Your Spells              Type           Power      Damage    Failure   Level
a - Foxfire               Conj/Fire      40%        2x1d6     7%          1
b - Inner Flame           Hex/Fire       7%         N/A       28%         3

Your spell library contained the following spells:

 Spells                   Type           Power      Damage    Failure   Level
 Conjure Flame            Conj/Fire      10%        6-21      21%         3
 Sticky Flame             Conj/Fire      10%        2d3       54%         4
 Fireball                 Conj/Fire      5%         3d5       88%         5


Dungeon Overview and Level Annotations

Branches:
Dungeon (3/15)

Altars:

Shops:
D:2 [


Innate Abilities, Weirdness & Mutations

Your plain brown scales are hard. (AC +5)
You cannot fit into any form of body armour.
You are cold-blooded and may be slowed by cold attacks.


Message History

The dart slug bites you but does no damage.
The dart slug launches a dart at you. The slug dart misses you.
You hit the dart slug.
Lightning courses through the dart slug!
You kill the dart slug!
You see here a dart slug corpse.
Found a ring mail.
Casting: Foxfire (safe; 7% risk of failure)
Confirm with . or Enter, or press ? or * to list all spells.
You don't know that spell.
This spell is quite dangerous to cast!
Memorise Inner Flame, consuming 3 spell levels and leaving 3?
You start memorising the spell.
You continue memorising. x3
You finish memorising.
Spell assigned to 'b'.
Found a smoky golden potion.
b - a smoky golden potion Done exploring.
Done exploring.
There is a stone staircase leading down here.
You climb downwards.
Found four items.
Found an escape hatch in the ceiling.
There is a stone staircase leading up here.
Casting: Foxfire (safe; 7% risk of failure)
Confirm with . or Enter, or press ? or * to list all spells.
The spell is quite dangerous to cast (28% risk of failure)!
Continue anyway?
Aiming: Inner Flame (quite dangerous; 28% risk of failure)
Press: ? - help, Shift-Dir - straight line, f - quokka
Aim: a quokka (chance to affect: 68%)
The quokka is filled with an inner flame.
You closely miss the quokka.
Your tail-slap misses the quokka.
The quokka closely misses you.
You hit the quokka.
Flame seeps out of the quokka.
Lightning courses through the quokka!
The quokka explodes!
The fiery explosion engulfs you!
You are engulfed in blazing flames.
* * * LOW HITPOINT WARNING * * *
The goblin shouts!
The hobgoblin shouts!
You hear a shout!
You are engulfed in blazing flames.
You die...

........?.
##......(..
...........
..........
#.........
.........
##....g...
#§§§......
#§@§......
#§§§......
#.$.......
#..<...g..
##...?....
##......#
#######


You could see a hobgoblin and a goblin.

Vanquished Creatures
  3 adders (D:2)
  2 worms (D:2)
  3 dart slugs (D:2)
  5 endoplasms
  4 giant cockroaches
  6 hobgoblins
  2 quokkas
  A ball python (D:1)
  5 bats
  3 frilled lizards (D:1)
  7 goblins
  3 kobolds
  3 rats (D:1)
47 creatures vanquished.

Vanquished Creatures (others)
  68 foxfires
68 creatures vanquished.

Grand Total: 115 creatures vanquished

Notes
Turn   | Place    | Note
-------+----------+-------------------------------------------
     0 | D:1      | lonewolfV2 the Draconian Fire Elementalist began the quest
                  | for the Orb.
     0 | D:1      | Reached XP level 1. HP: 14/14 MP: 3/3
   425 | D:1      | Reached XP level 2. HP: 17/20 MP: 1/5
  1564 | D:2      | Reached XP level 3. HP: 27/27 MP: 3/6
  1821 | D:2      | Reached XP level 4. HP: 34/34 MP: 5/7
  1980 | D:2      | Found Wogoeq's Armour Emporium.
  2108 | D:2      | Learned a level 3 spell: Inner Flame
  2172 | D:3      | Engulfed by a cloud of flame

Illustrated notes

Levels and vault maps discovered:
D:1:      dpeg_arrival_rooms_with_view, layout_basic
D:2:      layout_rooms, serial_shops, nicolae_square_shop
D:3:      layout_rooms, ebering_ecumenical_altar_sacrificial

Skill      XL: |  1  2 |
---------------+-------+-----
Stealth        | 2 |  2.5
Dodging        | 2 |  2.3
Fighting       | |  0.7
Maces & Flails | |  0.7
Unarmed Combat | |  0.1
Spellcasting   | |  2.3
Conjurations   | |  1.7
Fire Magic     | |  3.5

Action                   |  1- 3 |  4- 6 || total
-------------------------+-------+-------++-------
Melee: Unarmed           |    38 |       ||    38
       Tailslap          |     5 |     1 ||     6
       Whip              |    39 |    25 ||    64
 Cast: Foxfire           |    47 |    12 ||    59
       Inner Flame       |       |     1 ||     1
  Use: Scroll            |     2 |     1 ||     3
 Stab: Sleeping          |     1 |       ||     1
Armor: Skin              |    45 |    16 ||    61
Dodge: Dodged            |    77 |    23 ||   100
